 Dungeon Crawl Stone Soup version 0.28.0-53-g5a82cb258f (webtiles) character file.

Game seed: 13622025491065583113

14 Descartes the Grasshopper (level 2, -1/14 HPs)
             Began as a Spriggan Warper on June 6, 2022.
             Slain by a jackal (3 damage)
             ... on level 1 of the Dungeon.
             The game lasted 00:01:07 (403 turns).

Descartes the Grasshopper (Spriggan Warper)          Turns: 403, Time: 00:01:07

Health: -1/14      AC:  2    Str:  7    XL:     2   Next: 27%
Magic:  6/6        EV: 17    Int: 14    God:
Gold:   0          SH:  0    Dex: 14    Spells: 6/6 levels left

rFire   . . .      SeeInvis +   f - +0 short sword (holy)
rCold   . . .      Faith    .   (no shield)
rNeg    . . .      Spirit   .   b - +0 robe
rPois   .          Reflect  .   (helmet restricted)
rElec   .          Harm     .   (no cloak)
rCorr   .          Rampage  .   (gloves unavailable)
Will    .....                   (boots unavailable)
Stlth   ++........              (no amulet)
HPRegen 0.04/turn               (no ring)
MPRegen 0.10/turn               (no ring)

@: very quick
A: very small, no large weapons, unfitting armour, see invisible, speed 3
a: no special abilities


You were on level 1 of the Dungeon.
You visited 1 branch of the dungeon, and saw 1 of its levels.

Inventory:

Hand Weapons
 a - a +0 short sword
 f - a +0 short sword of holy wrath (weapon)
Missiles
 d - 5 boomerangs of dispersal (quivered)
 g - 20 arrows
Armour
 b - a +0 robe (worn)
Scrolls
 c - a scroll of blinking
 e - a scroll of teleportation {unknown}


   Skills:
 - Level 1.5 Fighting
 + Level 2.5 Short Blades
 - Level 1.0 Throwing
 + Level 3.5 Dodging
 + Level 1.1 Stealth
 - Level 2.6 Spellcasting
 + Level 4.7 Translocations


You had 6 spell levels left.
You didn't know any spells.
Your spell library contained the following spells:

 Spells                   Type           Power      Damage    Failure   Level
 Blink                    Tloc           30%        N/A       4%          2
 Gell's Gravitas          Tloc           15%        N/A       10%         3
 Lesser Beckoning         Tloc           15%        N/A       10%         3
 Teleport Other           Tloc           15%        N/A       10%         3
 Manifold Assault         Tloc           15%        N/A       65%         5


Dungeon Overview and Level Annotations

Branches:
Dungeon (1/15)

Altars:


Innate Abilities, Weirdness & Mutations

You are very small and have problems with some larger weapons.
You are too small for most types of armour.
You have supernaturally acute eyesight. (SInv)
You cover ground extremely quickly. (Speed+++)


Message History

The jackal bites you. The jackal closely misses you.
The rat twitches its whiskers.
The jackal barely misses you.
You hit the jackal.
You kill the jackal!
The jackal barely misses you.
Your Stealth skill increases to level 1!
You hit the giant cockroach.
The giant cockroach is heavily wounded.
The jackal closely misses you. The giant cockroach barely misses you.
You hit the giant cockroach.
You kill the giant cockroach!
The jackal barely misses you. The jackal closely misses you.
You barely miss the hobgoblin. The hobgoblin misses you.
The jackal completely misses you.
You barely miss the hobgoblin. The jackal completely misses you.
The hobgoblin barely misses you.
You hit the hobgoblin.
You kill the hobgoblin!
The jackal closely misses you. x2
You hit the rat.
The rat is heavily wounded.
The jackal completely misses you. The rat bites you but does no damage.
Unknown command.
You completely miss the rat.
The rat is heavily wounded.
The jackal bites you.
* * * LOW HITPOINT WARNING * * *
The jackal bites you.
* * * LOW HITPOINT WARNING * * *
The rat closely misses you.
You barely miss the jackal. The jackal misses you.
You hit the jackal.
The jackal is heavily wounded.
The jackal misses you. The jackal bites you.
* * * LOW HITPOINT WARNING * * *
You barely miss the jackal.
The jackal is heavily wounded.
The jackal bites you.
You die...

...###.....##.##................#
...#..................†..........
............#......#####........#
.........##.###.......###.......#
#...............#.#...###........
#........#.##...#.#....#.........
#.................#....#.........
#..........##...##.....#.....#...
#..........#....@h.....#.....###.
####.........#####.#.....##...##.
#.#.>...........r.............
..#...........###.....##...##.
#.##'#+##...# #.....##...##.
..#.....#...# #......r......
#.....+.#...#.............
#<.8..#.#...#............#
#.....+ ..#####........#


You could see a jackal and a rat.

Vanquished Creatures
  A dart slug (D:1)
  An endoplasm (D:1)
  2 giant cockroaches (D:1)
  2 goblins (D:1)
  A hobgoblin (D:1)
  A jackal (D:1)
  2 frilled lizards (D:1)
10 creatures vanquished.

Notes
Turn   | Place    | Note
-------+----------+-------------------------------------------
     0 | D:1      | Descartes the Spriggan Warper began the quest for the Orb.
     0 | D:1      | Reached XP level 1. HP: 10/10 MP: 5/5
   279 | D:1      | Reached XP level 2. HP: 11/14 MP: 6/6
   373 | D:1      | Reached skill level 1 in Stealth
   403 | D:1      | Slain by a jackal

Illustrated notes

Levels and vault maps discovered:
D:1:      minmay_arrival_solitary_statue, layout_basic

Skill      XL: |  1  2 |
---------------+-------+-----
Stealth        | 1 |  1.1
Fighting       | |  1.5
Short Blades   | |  2.5
Throwing       | |  1.0
Dodging        | |  3.5
Spellcasting   | |  2.6
Translocations | |  4.7

Action                   || total
-------------------------++-------
Melee: Short sword       ||    46
Armor: Robe              ||     3
Dodge: Dodged            ||    48
